 Dungeon Crawl Stone Soup version 0.31-a0-940-gdaa99269f9 (webtiles) character file.

Game seed: 3276572017282374346

28 Dirtsage the Chopper (level 3, 29/29 HPs)
             Began as a Demonspawn Fighter on Oct 20, 2023.
             Quit the game on level 2 of the Dungeon.
             The game lasted 00:01:45 (913 turns).

Dirtsage the Chopper (Demonspawn Fighter)            Turns: 913, Time: 00:01:45

Health: 29/29      AC:  7    Str: 18    XL:     3   Next: 0%
Magic:  3/3        EV:  9    Int:  9    God:
Gold:   97         SH:  4    Dex: 12    Spells: 2/2 levels left

rFire   . . .        a - +0 war axe
rCold   . . .        c - +0 buckler
rNeg    . . .        b - +0 scale mail
rPois   .            (no helmet)
rElec   .            (no cloak)
rCorr   .            g - +0 pair of gloves
SInv    .            (no boots)
Will    .....        (no amulet) Stlth
                     (no ring)
HPRegen 0.24/turn    (no ring)
MPRegen 0.08/turn

%: no passive effects
@: no status effects
A: demonic guardian 1, foul stench 1
a: no special abilities


You were on level 2 of the Dungeon.
You visited 1 branch of the dungeon, and saw 2 of its levels.

You collected 97 gold pieces.

Inventory:

Hand Weapons
 a - a +0 war axe (weapon)
Armour
 b - a +0 scale mail (worn)
 c - a +0 buckler (worn)
 g - a +0 pair of gloves (worn)
Scrolls
 f - 2 scrolls of enchant weapon {unknown}
 h - a scroll of amnesia {unknown}
 i - 4 scrolls of identify {unknown}
 k - a scroll of noise {unknown}
 l - a scroll of fog {unknown}
Potions
 d - a potion of might
 e - 3 potions of curing {unknown}
 j - a potion of cancellation {unknown}


   Skills:
 - Level 3.0 Fighting
 + Level 3.2 Axes
 - Level 2.6 Armour
 - Level 2.6 Shields


You had 2 spell levels left.
You didn't know any spells.
Your spell library was empty.

Dungeon Overview and Level Annotations

Branches:
Dungeon (2/15)

Altars:

Shops:
D:2 (


Innate Abilities, Weirdness & Mutations

A weak demonic guardian rushes to your aid.
You may rarely emit foul miasma when damaged in melee.


Message History

You kill the quokka!
The goblin hits you but does no damage.
You see here a ball python corpse.
You barely miss the goblin. The goblin barely misses you.
You hit the goblin but do no damage. The goblin hits you but does no damage.
The goblin barely misses you.
You barely miss the goblin. The goblin hits you but does no damage.
You closely miss the goblin. The goblin closely misses you.
You barely miss the goblin. The goblin hits you but does no damage.
The goblin closely misses you.
You slash the goblin!
You kill the goblin!
Things that are here:
a +0 dagger; a goblin corpse HP restored.
k - a scroll labelled GAL UPNUARGH Health restored: 24 You see here a ball python corpse.
i - 4 scrolls labelled DEONIS URPHURO (gained 3)
Found a stone staircase leading up.
You now have 69 gold pieces (gained 10).
You now have 74 gold pieces (gained 5).
You now have 90 gold pieces (gained 16).
You now have 97 gold pieces (gained 7).
Found Zatim's Weapon Shoppe.
You see here a human corpse.
l - a scroll labelled BAQEULEMEGG
There is an entrance to Zatim's Weapon Shoppe here.
A kobold comes into view. It is wielding a +0 club.
The kobold shouts!
You barely miss the kobold. The kobold barely misses you.
You slash the kobold!
You kill the kobold!
You have reached level 3!
Your experience leads to an increase in your attributes!
Increase (s)trength, (i)ntelligence, or (d)exterity?
You feel stronger. x2; Your demonic ancestry asserts itself...
You feel the presence of a demonic guardian.
Health restored: 29; MP restored: 3 Are you sure you want to abandon this character and quit the game? (Confirm with "yes".)

.# .# .#
.# ##.#
#..# #).#
#@# #.#
#.# #.#
#.###
.....
#.#.#
#.......#
#.#.#.#
#.......#
#.#...#
#.......#
#.###.#


There were no monsters in sight!

Vanquished Creatures
  A dart slug (D:1)
  2 endoplasms (D:1)
  A giant cockroach (D:1)
  3 hobgoblins (D:1)
  A quokka (D:2)
  5 ball pythons
  2 frilled lizards (D:1)
  6 goblins
  3 kobolds
24 creatures vanquished.

Notes
Turn   | Place    | Note
-------+----------+-------------------------------------------
     0 | D:1      | Dirtsage the Demonspawn Fighter began the quest for the
                  | Orb.
     0 | D:1      | Reached XP level 1. HP: 18/18 MP: 1/1
   299 | D:1      | Found a faded altar of an unknown god.
   299 | D:1      | Noticed a shining eye
   302 | D:1      | Noticed a floating eye
   302 | D:1      | Noticed a floating eye
   302 | D:1      | Noticed an eye of devastation
   306 | D:1      | Gained mutation: You may rarely emit foul miasma when
                  | damaged in melee. [demonic ancestry]
   306 | D:1      | Reached XP level 2. HP: 23/24 MP: 2/2
   887 | D:2      | Found Zatim's Weapon Shoppe.
   913 | D:2      | Gained mutation: A weak demonic guardian rushes to your
                  | aid. [demonic ancestry]
   913 | D:2      | Reached XP level 3. HP: 29/29 MP: 3/3
   913 | D:2      | Quit the game

Illustrated notes

Levels and vault maps discovered:
D:1:      dpeg_arrival_long_road, layout_loops_ring,
          hellmonk_ecumenical_altar_watching_god, serial_bayou_pond_a
D:2:      layout_basic, serial_shops, nicolae_shop_bloodbath_and_beyond,
          nicolae_shop_peninsula, uniq_crazy_yiuf_cottage, uniq_natasha,
          uniq_robin

Skill      XL: |  1  2 |
---------------+-------+-----
Axes           | 2 3 |  3.2
Fighting       | |  3.0
Armour         | |  2.6
Shields        | |  2.6

Action                     || total
---------------------------++-------
  Melee: War axe           ||    68
 Armour: Scale mail        ||    52
  Dodge: Dodged            ||    21
  Block: Buckler           ||    13

Table legend: (Time is in decaauts)
 A = Elapsed time spent in this place.
 B = Non-inter-level travel time spent in this place.
 C = Inter-level travel time spent in this place.
 D = Time resting spent in this place.
 E = Time spent auto-exploring this place.
 F = Levels seen in this place.
 G = Mean time per level.
                   A        B        C        D        E       F      G
               +--------+--------+--------+--------+--------+-----+--------+
         Total |    940 |    884 |     56 |      0 |    723 |   2 |  470.0 |
       Dungeon |    940 |    884 |     56 |      0 |    723 |   2 |  470.0 |
               +--------+--------+--------+--------+--------+-----+--------+

Top non-repeatable levels by time:
     D:1: 793 daAuts
     D:2: 146 daAuts
